 Dungeon Crawl Stone Soup version 0.29.1-2-gbd0b4ee654 (webtiles) character file.

Game seed: 12384325219122100754

570 Arcadio the Stinger (level 7, 0/61 HPs)
             Began as a Demonspawn Venom Mage on Oct 30, 2022.
             Succumbed to a water moccasin's poison
             ... on level 4 of the Dungeon.
             The game lasted 00:26:06 (5920 turns).

Arcadio the Stinger (Demonspawn Venom Mage)         Turns: 5920, Time: 00:26:06

Health: 0/61       AC: 23    Str:  8    XL:     7   Next: 11%
Magic:  22/22      EV:  2    Int: 18    God:
Gold:   207        SH:  0    Dex: 14    Spells: 8/14 levels left

rFire   . . .      SeeInvis .   p - +2 hand axe (venom)
rCold   + . .      Faith    .   (no shield)
rNeg    . . .      Spirit   .   (body armour currently unavailable)
rPois   +          Reflect  .   (helmet currently unavailable)
rElec   .          Harm     .   (cloak currently unavailable)
rCorr   .          Rampage  .   (gloves currently unavailable)
Will    .....      NoTele   +   (boots currently unavailable)
Stlth   ++........              (no amulet)
HPRegen 0.20/turn               h - ring of protection from cold
MPRegen 0.18/turn               m - ring of magical power

@: lethally poisoned (0 -> -6), tree-form
A: stationary, stasis, torment immunity, boosted hp, (antennae 2), foul stench
1, (sanguine armour 1), (cold resistance 1), frail 1
a: no special abilities


You were on level 4 of the Dungeon.
You were a tree.
You visited 1 branch of the dungeon, and saw 4 of its levels.

You collected 207 gold pieces.

Inventory:

Hand Weapons
 c - a +3 whip
 p - a +2 hand axe of venom (weapon)
Armour
 a - a +0 robe
 j - quicksilver dragon scales (melded)
 n - the +3 robe "Vumuant" {SInv}
   (You found it on level 2 of the Dungeon)

   SInv:      It lets you see invisible.
 t - a +0 cloak (melded)
Jewellery
 d - a ring of resist corrosion
 h - a ring of protection from cold (left branch)
 k - an amulet of magic regeneration
 m - a ring of magical power (right branch)
Wands
 v - a wand of iceblast (8)
Scrolls
 f - 2 scrolls of teleportation {unknown}
 i - 2 scrolls of enchant weapon {unknown}
 r - a scroll of brand weapon {unknown}
 s - a scroll of noise {unknown}
 w - a scroll of identify
Potions
 b - 2 potions of magic
 e - a potion of haste
 g - a potion of lignification
 l - a potion of brilliance


   Skills:
 + Level 3.4 Armour
 - Level 2.1 Dodging
 - Level 2.1 Stealth
 + Level 4.3 Spellcasting
 - Level 1.3 Transmutations
 + Level 5.1 Poison Magic


You had 8 spell levels left.
You knew the following spells:

 Your Spells              Type           Power      Damage    Failure   Level
a - Sting                 Tmut/Pois      60%        1d6       3%          1
b - Poisonous Vapours     Pois/Air       26%        N/A       8%          2
c - Mephitic Cloud        Conj/Pois/Air  10%        N/A       22%         3

Your spell library contained the following spells:

 Spells                   Type           Power      Damage    Failure   Level
 Apportation              Tloc           6%         N/A       14%         1
 Necrotise                Necr           12%        1d4       14%         1
 Summon Small Mammal      Summ           12%        N/A       14%         1
 Olgreb's Toxic Radiance  Pois           22%        N/A       17%         4
 Confusing Touch          Hex            3%         N/A       38%         3
 Gell's Gravitas          Tloc           3%         N/A       38%         3
 Lesser Beckoning         Tloc           3%         N/A       38%         3
 Teleport Other           Tloc           3%         N/A       38%         3
 Yara's Violent Unravell  Hex/Tmut       3%         3d4       96%         5
 Enfeeble                 Hex            1%         N/A       100%        7


Dungeon Overview and Level Annotations

Branches:
Dungeon (4/15) Zot: 18017
 Temple: D:4-7

Altars:

Shops:
D:3 (

Annotations:
D:4 3 runed translucent doors, p0werm0de's ghost, amateur OpMo


Innate Abilities, Weirdness & Mutations

You are a tree.
Your roots penetrate the ground, keeping you stationary.
You cannot be teleported.
You are immune to unholy pain and torment.
Your maximum health is greatly increased.
Your equipment is partially melded.
((You have a pair of antennae on your head.))
You may rarely emit foul miasma when damaged in melee.
((When seriously injured, your blood forms armour. (AC +0)))
((Your flesh is cold resistant. (rC+)))
You are frail. (-10% HP)


Message History

The water moccasin is heavily wounded.
You feel sick. The water moccasin barely misses you.
The water moccasin bites you but does no damage.
Okay, then.
You hit the water moccasin but do no damage.
The water moccasin is heavily wounded.
You feel sick. The water moccasin bites you.
* * * LOW HITPOINT WARNING * * *
You are lethally poisoned!
The water moccasin poisons you! The water moccasin closely misses you.
Okay, then.
As you read the scroll of fear, it crumbles to dust.
You assume a fearsome visage.
The water moccasin looks frightened!
* * * LOW HITPOINT WARNING * * *
You feel very sick.
It was a potion of flight.
You feel very buoyant.
You fly up into the air.
* * * LOW HITPOINT WARNING * * *
You feel very sick.
It was a potion of mutation.
You feel extremely strange.
You feel more energetic.
You feel frail.
You feel less energetic.
You feel resistant to cold.
* * * LOW HITPOINT WARNING * * *
You feel sick.
Cornered, the water moccasin turns to fight!
Okay, then.
Really quaff the potion of lignification?
You turn into a tree.
Your +0 cloak melds into your body.
Your quicksilver dragon scales melds into your body.
Your roots penetrate the ground.
Your blood armour dries and flakes away.
* * * LOW HITPOINT WARNING * * *
You feel very sick.
Okay, then.
As you read the scroll of fear, it crumbles to dust.
You assume a fearsome visage.
The water moccasin looks frightened!
* * * LOW HITPOINT WARNING * * *
You feel sick.
You die...

### ## #######.#####S# .
##.....#.......# .#
#....#.#.##....# .#
##....#.#.##♣# .# #...8...#.##.##
.# #.....#.#.....# ##### ## .#
#...###.#.....# #...####.
.######.# #.#.....# #.#.#..P.
........# #.#.....#######.#.#.[..
.######## #.#...........#.#......
.....# #.#.....#####.#...#....
#.##.######.......#####...#.#...#


You could see a water moccasin (fleeing).

Vanquished Creatures
  An ogre (D:4)
  A phantom (D:4)
  A water moccasin skeleton (D:4)
  2 water moccasin zombies (D:4)
  A centaur zombie (D:4)
  Jessica (D:2)
  Terence (D:2)
  An iguana (D:4)
  A hound zombie (D:4)
  Robin (D:2)
  An adder zombie (D:4)
  2 worms (D:4)
  2 dart slugs
  7 ball pythons
  6 bats
  5 endoplasms
  5 giant cockroaches
  15 goblins
  14 hobgoblins
  8 jackals (D:4)
  3 quokkas
  3 frilled lizards (D:1)
  12 kobolds
  8 rats
102 creatures vanquished.

Notes
Turn   | Place    | Note
-------+----------+-------------------------------------------
     0 | D:1      | Arcadio the Demonspawn Venom Mage began the quest for the
                  | Orb.
     0 | D:1      | Reached XP level 1. HP: 13/13 MP: 3/3
    97 | D:1      | Reached skill level 1 in Transmutations
   299 | D:1      | Gained mutation: You have a pair of small antennae on your
                  | head. [demonic ancestry]
   299 | D:1      | Reached XP level 2. HP: 17/19 MP: 0/5
  1448 | D:1      | Gained mutation: When seriously injured, your blood forms
                  | armour. (AC +0) [demonic ancestry]
  1448 | D:1      | Reached XP level 3. HP: 22/24 MP: 4/6
  1598 | D:1      | Found a faded altar of an unknown god.
  1685 | D:2      | Noticed Terence
  1798 | D:2      | Learned a level 2 spell: Poisonous Vapours
  1802 | D:2      | Learned a level 3 spell: Mephitic Cloud
  2106 | D:2      | Noticed Robin
  2149 | D:2      | Killed Robin
  2150 | D:2      | Reached skill level 1 in Armour
  2150 | D:2      | Gained mutation: You may rarely emit foul miasma when
                  | damaged in melee. [demonic ancestry]
  2150 | D:2      | Reached XP level 4. HP: 6/30 MP: 8/8
  2408 | D:2      | Identified the +3 robe "Vumuant" {SInv}
  2603 | D:2      | Killed Terence
  2886 | D:2      | Noticed Jessica
  2893 | D:2      | Killed Jessica
  3315 | D:3      | Reached XP level 5. HP: 35/35 MP: 9/9
  4007 | D:3      | Found Plog's Weapon Shop.
  4075 | D:4      | Noticed a phantom
  4222 | D:4      | Reached skill level 4 in Poison Magic
  4228 | D:4      | Found a runed translucent gate.
  4229 | D:4      | Found a runed translucent gate.
  4232 | D:4      | Noticed p0werm0de's ghost (amateur OpMo)
  4236 | D:4      | Found a runed translucent gate.
  4296 | D:4      | Reached XP level 6. HP: 17/41 MP: 11/11
  5132 | D:4      | Reached skill level 5 in Poison Magic
  5328 | D:4      | Noticed a water moccasin
  5528 | D:4      | Gained mutation: You have a pair of antennae on your head.
                  | [demonic ancestry]
  5528 | D:4      | Reached XP level 7. HP: 16/46 MP: 13/13
  5917 | D:4      | Gained mutation: You have an increased reservoir of magic.
                  | (+10% MP) [potion of mutation]
  5917 | D:4      | Gained mutation: You are frail. (-10% HP) [potion of
                  | mutation]
  5917 | D:4      | Lost mutation: You have an increased reservoir of magic.
                  | (+10% MP) [potion of mutation]
  5917 | D:4      | Gained mutation: Your flesh is cold resistant. (rC+)
                  | [potion of mutation]
  5918 | D:4      | HP: 3/61 [poisoned by a water moccasin]
  5920 | D:4      | Succumbed to a water moccasin's poison

Illustrated notes

Levels and vault maps discovered:
D:1:      wheals_arrival_shading, layout_loops_corners,
          shapermc_ecumenical_altar_acropolis, grunt_decor_clamped,
          minmay_misc_feat_tower, supply_closet_lemuel
D:2:      layout_basic, kennysheep_generic_room_12, uniq_robin, uniq_terence,
          uniq_jessica
D:3:      layout_basic, serial_shops, nicolae_shop_crystal
D:4:      layout_basic, serial_undead, serial_undead_d, serial_undead_b,
          serial_undead_c, serial_undead_d, serial_undead_a, serial_undead_d,
          gammafunk_ghost_split, minmay_crystal_water, amethyst_killhole,
          minmay_fractal_squares_gapless_5

Skill      XL: |  1  2  3  4  5  6 |
---------------+-------------------+-----
Transmutations | 1 |  1.3
Stealth        | 2 |  2.1
Dodging        | 2 |  2.1
Armour         | 1 2 3 |  3.4
Spellcasting   | 3 4 |  4.3
Poison Magic   | 4 5 |  5.1

Action                   |  1- 3 |  4- 6 |  7- 9 || total
-------------------------+-------+-------+-------++-------
Melee: Whip              |   108 |     9 |       ||   117
       Punch             |     2 |     1 |       ||     3
       Hand axe          |       |   165 |    15 ||   180
 Cast: Sting             |    29 |     6 |       ||    35
       Poisonous Vapours |       |     1 |       ||     1
  Use: Potion            |     2 |     1 |     3 ||     6
       Scroll            |       |     5 |     2 ||     7
 Stab: Sleeping          |     1 |     1 |       ||     2
Armor: Robe              |     5 |       |       ||     5
       Quicksilver drago |    50 |   125 |     5 ||   180
Dodge: Dodged            |    83 |   112 |    10 ||   205
